 Dungeon Crawl Stone Soup version bcrawl-1.35.4c (webtiles) character file.

Game seed: 4092013157880717941

89314 RelittoDelNilo the Insei (level 2, 0/24 HPs)
             Began as a Mummy Monk on Feb 26, 2022.
             Slain by a kobold
             ... wielding a +0 club
              (5 damage)
             ... on level 2 of the Dungeon.
             The game lasted 00:02:18 (952 turns).

RelittoDelNilo the Insei (Mummy Monk)                Turns: 952, Time: 00:02:18

Health: 0/24       AC:  0    Str: 14    XL:     2   Next: 51%
Magic:  3/3        EV: 13    Int:  9    God:
Gold:   101        SH:  0    Dex: 14    Spells: 1/1 levels left

rFire    x . .     SeeInvis .     - Fists (7.2)
rCold    + . .     Gourm    .   (no shield)
rNeg     + + +     Faith    .   (no armour)
rPois    ∞         Spirit   .   b - +0 hat
rElec    .         Reflect  .   (no cloak)
rCorr    .         Clarity  +   (no gloves)
MR       .....                  (no boots)
Stlth    ++........             (no amulet)
HPRegen  0.08/turn              (no ring)
MPRegen  0.08/turn              (no ring)

@: no status effects
A: no food or potions, fire vulnerability, clarity, cold resistance 1, negative
energy resistance 3, torment resistance, unbreathing
a: no special abilities


You were on level 2 of the Dungeon.
You were not hungry.

You visited 1 branch of the dungeon, and saw 2 of its levels.

You collected 101 gold pieces.


Innate Abilities, Weirdness & Mutations

You do not eat or drink.
Your flesh is vulnerable to fire.
You are immune to poison.
You possess an exceptional clarity of mind.
Your flesh is cold resistant. (rC+)
You are immune to negative energy. (rN+++)
You are immune to unholy pain and torment.
You can survive without breathing.


   Skills:
 - Level 3.0 Fighting
 - Level 2.4 Dodging
 - Level 2.1 Stealth
 + Level 3.2 Unarmed Combat
   Level 1.7 Invocations


You had one spell level left.
You didn't know any spells.
Your spell library was empty.

Inventory:

Armour
 b - a +0 hat (worn)
Scrolls
 a - a scroll of blinking {unknown}
 c - a scroll of amnesia {unknown}
 d - a scroll of remove curse
 e - a scroll of teleportation {unknown}
 f - a scroll of enchant weapon {unknown}
 g - 2 scrolls of magic mapping {unknown}
 i - a scroll of identify {@r1}

Dungeon Overview and Level Annotations

Branches:
Dungeon (2/12)

Altars:

▒▒▒▒▒▒▒▒▒▒▒▒
▒...........
▒.▒▒▒▒▒▒▒▒▒▒ ▒.▒
▒▒▒▒▒ ▒.▒ ▒....
▒.▒ ▒(▒▒▒ ▒.▒ ▒.▒
▒▒▒.▒▒▒▒▒▒▒▒▒£▒▒▒
▒.▒
......KM†.....(.▒
▒.▒
▒▒▒▒.▒▒▒▒▒▒▒....▒
▒.▒ ▒....▒ ▒.▒
▒....▒ ▒.▒▒▒
.....▒ ▒..).
▒....▒ ▒▒▒▒▒
+....▒ ▒....▒


You could see a kobold.


Message History

You squash the kobold but do no damage!
The kobold hits you with a +0 club!
You closely miss the kobold! The kobold hits you with a +0 club!
You pulverise the kobold!
The kobold is moderately wounded!
The kobold hits you with a +0 club! * * * don't die
* * * You closely miss the kobold!
The kobold is moderately wounded!
You closely miss the kobold!
The kobold is moderately wounded!
The kobold closely misses you!
You closely miss the kobold!
The kobold is moderately wounded!
The kobold barely misses you!
You barely miss the kobold!
The kobold is moderately wounded!
The kobold hits you but does no damage!
You pummel the kobold but do no damage!
The kobold is moderately wounded!
You barely miss the kobold!
The kobold is moderately wounded!
The kobold hits you with a +0 club!!! * * * don't die
* * * You barely miss the kobold!
The kobold is moderately wounded!
The kobold closely misses you!
You barely miss the kobold!
The kobold is moderately wounded!
The kobold hits you with a +0 club! rip

Action                   || total
-------------------------++-------
Melee: Unarmed           ||    67
 Stab: Sleeping          ||     2
Dodge: Dodged            ||    42

Levels and vault maps discovered:
D:1:      tarquinn_simple_flora_water_e, layout_loops_ring
D:2:      layout_basic, uniq_crazy_yiuf_cottage, uniq_terence

Notes
Turn   | Place    | Note
-------+----------+-------------------------------------------
     0 | D:1      | RelittoDelNilo the Mummy Monk began the quest for the Orb.
     0 | D:1      | Reached XP level 1. HP: 18/18 MP: 2/2
   380 | D:1      | Reached skill level 3 in Unarmed Combat
   380 | D:1      | Reached XP level 2. HP: 24/24 MP: 3/3
   952 | D:2      | Slain by a kobold

Vanquished Creatures
  An orc (D:2)
  2 giant cockroaches (D:1)
  2 goblins (D:1)
  2 hobgoblins (D:1)
  2 jackals (D:1)
  2 bats
  A frilled lizard (D:1)
  2 kobolds
  A rat (D:1)
15 creatures vanquished.
